 Dungeon Crawl Stone Soup version 0.28.0-53-g5a82cb258f (webtiles) character file.

Game seed: 2032847075134484684

51 nickcage the Gusty (level 3, -1/19 HPs)
             Began as a Deep Elf Air Elementalist on May 25, 2022.
             Slain by a gnoll
             ... wielding a +0 flail of protection
              (9 damage)
             ... on level 2 of the Dungeon.
             The game lasted 00:03:57 (1170 turns).

nickcage the Gusty (Deep Elf Air Elementalist)      Turns: 1170, Time: 00:03:58

Health: -1/19      AC:  2    Str:  5    XL:     3   Next: 58%
Magic:  0/9        EV:  6    Int: 21    God:
Gold:   52         SH:  0    Dex: 15    Spells: 4/8 levels left

rFire   . . .      SeeInvis .   b - +0 dagger
rCold   . . .      Faith    .   e - orb {*channel}
rNeg    . . .      Spirit   .   a - +0 robe
rPois   .          Reflect  .   (no helmet)
rElec   .          Harm     .   (no cloak)
rCorr   .          Rampage  .   (no gloves)
Will    .....                   (no boots)
Stlth   ++........              (no amulet)
HPRegen 0.06/turn               (no ring)
MPRegen 0.11/turn               (no ring)

@: held
A: no striking features
a: no special abilities


You were on level 2 of the Dungeon.
You visited 1 branch of the dungeon, and saw 2 of its levels.

You collected 52 gold pieces.

Inventory:

Hand Weapons
 b - a +0 dagger (weapon)
Armour
 a - a +0 robe (worn)
 e - an orb of energy (worn)
Scrolls
 d - a scroll of identify {unknown}
Potions
 c - a potion of curing {unknown}


   Skills:
 - Level 2.4 Dodging
 - Level 2.4 Stealth
 - Level 3.0 Spellcasting
 + Level 1.9 Conjurations
 + Level 4.3 Air Magic


You had 4 spell levels left.
You knew the following spells:

 Your Spells              Type           Power      Damage    Failure   Level
a - Shock                 Conj/Air       64%        1d7       3%          1
b - Swiftness             Air            21%        N/A       7%          3

Your spell library contained the following spells:

 Spells                   Type           Power      Damage    Failure   Level
 Static Discharge         Conj/Air       16%        N/A       5%          2
 Airstrike                Air            10%        N/A       22%         4


Dungeon Overview and Level Annotations

Branches:
Dungeon (2/15)

Altars:


Message History

The gnoll is moderately wounded.
The zap hits the gnoll.
The gnoll is heavily wounded.
The zap hits the gnoll.
The gnoll is severely wounded.
The zap hits the gnoll.
The gnoll is almost dead.
The zap hits the gnoll.
You kill the gnoll!
The zap hits the gnoll.
You kill the gnoll!
The zap hits the frilled lizard.
You kill the frilled lizard!
The zap misses the gnoll.
The zap misses the gnoll.
The zap hits the gnoll.
The gnoll is lightly wounded.
The zap hits the gnoll.
The gnoll is moderately wounded.
The gnoll throws a throwing net.
The throwing net hits you.
You become entangled in the net!
You are held in a net!
Aiming: Shock (safe; 3% risk of failure)
Press: ? - help, Q - select action Shift-Dir - straight line, p - gnoll The zap hits the gnoll.
The gnoll is severely wounded.
Aiming: Shock (safe; 3% risk of failure)
Press: ? - help, Q - select action Shift-Dir - straight line The zap hits the gnoll but does no damage.
The gnoll is severely wounded.
The gnoll hits you with a +0 flail of protection!
Ouch! That really hurt!
Aiming: Shock (safe; 3% risk of failure)
Press: ? - help, Q - select action Shift-Dir - straight line The zap hits the gnoll.
The gnoll is almost dead.
The gnoll closely misses you.
You struggle against the net.
The gnoll hits you with a +0 flail of protection!
You die...

### #.#.# ##.. .....
...# #... #..# #..#
#.###..# #..#
#..<..# #..######
.#.###.#####........
........@g.)).†.#
...####.######..#
.^.# ..# ##### ..#
g.#


lgg .... #### You could see a gnoll.

Vanquished Creatures
  2 gnolls (D:2)
  2 dart slugs (D:1)
  A bat (D:1)
  3 endoplasms (D:1)
  4 hobgoblins (D:1)
  2 kobolds (D:1)
  2 quokkas (D:1)
  3 ball pythons (D:1)
  3 frilled lizards
  4 goblins (D:1)
  5 rats
31 creatures vanquished.

Vanquished Creatures (others)
  6 plants (D:1)
6 creatures vanquished.

Grand Total: 37 creatures vanquished

Notes
Turn   | Place    | Note
-------+----------+-------------------------------------------
     0 | D:1      | nickcage the Deep Elf Air Elementalist began the quest for
                  | the Orb.
     0 | D:1      | Reached XP level 1. HP: 10/10 MP: 6/6
   158 | D:1      | Reached XP level 2. HP: 15/15 MP: 0/8
   678 | D:1      | Reached skill level 4 in Air Magic
   790 | D:1      | Reached XP level 3. HP: 14/19 MP: 6/9
   794 | D:1      | Learned a level 3 spell: Swiftness
  1170 | D:2      | Slain by a gnoll

Illustrated notes

Levels and vault maps discovered:
D:1:      roderic_crop_circles_arrival_small, layout_rooms,
          roderic_roman_lattice, chequers_serial_rivers_micro_a
D:2:      minmay_alternating_diamond, layout_loops_ring

Skill      XL: |  1  2 |
---------------+-------+-----
Air Magic      | 4 |  4.3
Dodging        | |  2.4
Stealth        | |  2.4
Spellcasting   | |  3.0
Conjurations   | |  1.9

Action                   || total
-------------------------++-------
Melee: Dagger            ||     3
 Cast: Shock             ||    61
 Stab: Sleeping          ||     3
Dodge: Dodged            ||     4
